 Dungeon Crawl Stone Soup version 0.25.1-1-g288607f5aa (webtiles) character file.

Game seed: 15037329149456578180

102 H0rd4k the Insei (level 4, -2/28 HPs)
             Began as an Octopode Transmuter on July 20, 2020.
             Slain by a gnoll
             ... wielding a +0 halberd
              (9 damage)
             ... on level 2 of the Dungeon.
             The game lasted 00:01:56 (2192 turns).

H0rd4k the Insei (Octopode Transmuter)              Turns: 2192, Time: 00:01:57

Health: -2/28      AC:  1    Str:  9    XL:     4   Next: 78%
Magic:  8/8        EV: 13    Int: 16    God:
Gold:   91         SH:  0    Dex: 12    Spells: 2/8 levels left

rFire    . . .     SeeInvis .     - Unarmed
rCold    . . .     Gourm    .   (no shield)
rNeg     . . .     Faith    .   (helmet restricted)
rPois    .         Spirit   .   (no amulet)
rElec    .         Reflect  .   (no ring)
rCorr    .         Harm     .   (no ring)
MR       .....                  (no ring)
Stlth    +++.......             (no ring)
HPRegen  0.09/turn              (no ring)
MPRegen  0.11/turn              (no ring)
                                (no ring)
                                (no ring)

@: lethally poisoned (-2 -> -10)
A: almost no armour, stealthy swim, amphibious, 8 rings, constrict 8, camouflage
1, gelatinous body 1
a: no special abilities


You were on level 2 of the Dungeon.
You were very hungry.

You visited 1 branch of the dungeon, and saw 2 of its levels.

You collected 91 gold pieces.

Inventory:

Missiles
 a - 66 arrows
 m - 12 poisoned darts (quivered)
Scrolls
 d - a scroll of fear {unknown}
 e - 3 scrolls of identify {unknown}
 f - a scroll of remove curse {unknown}
 g - a scroll of fog {unknown}
 h - a scroll of teleportation {unknown}
 i - 2 scrolls of random uselessness {unknown}
 k - a scroll of amnesia {unknown}
 l - a scroll of enchant weapon {unknown}
Potions
 b - 2 potions of curing {unknown}
 j - a potion of heal wounds
Comestibles
 c - 6 rations


   Skills:
 + Level 1.0 Fighting
 + Level 2.4 Dodging
 + Level 2.1 Stealth
 + Level 4.1 Unarmed Combat
 * Level 2.7 Spellcasting
 * Level 2.3 Transmutations


You had 2 spell levels left.
You knew the following spells:

 Your Spells              Type           Power        Failure   Level  Hunger
a - Beastly Appendage     Tmut           #.....       8%          1    #......
b - Sticks to Snakes      Tmut           #.......     12%         2    ##.....
c - Spider Form           Tmut/Pois      #.........   36%         3    ###....

Your spell library contained the following spells:

 Spells                   Type           Power        Failure   Level  Hunger
 Ice Form                 Ice/Tmut       #.......     77%         4    #####..
 Blade Hands              Tmut           #.........   91%         5    ######.


Dungeon Overview and Level Annotations

Branches:
Dungeon (2/15)

Altars:


Innate Abilities, Weirdness & Mutations

You cannot wear most types of armour.
You are very stealthy in the water. (Stealth+)
You are amphibious.
You can wear up to eight rings at the same time.
You can use your tentacles to constrict eight enemies at once.
Your skin changes colour to match your surroundings (Stealth+).
Your rubbery body absorbs attacks. (AC +1, EV +1)


Message History

The gnoll hits you from afar with a +0 halberd.
You tentacle-slap the adder but do no damage.
Your grab misses the adder. The adder completely misses you.
You closely miss the adder. Your grab misses the adder.
The gnoll hits you from afar with a +0 halberd!
The adder misses you.
You miss the adder. Your grab misses the adder.
Your tentacle spike misses the adder.
The adder barely misses you. The gnoll hits you but does no damage.
The adder bites you.
You are poisoned.
The adder poisons you!
You miss the adder. Your grab misses the adder.
You pierce the adder.
The adder is heavily wounded.
Your tentacle spike disappears.
You feel sick. The adder bites you.
* * * LOW HITPOINT WARNING * * *
You are lethally poisoned!
The adder poisons you!
The gnoll hits you from afar with a +0 halberd!
You die...

... ##.## #...# ... .g.
.. #g# .# #S# .# #@# ##.
##'## #.. ##...## #.#
##.....## #.##
##.......#####..#####
.##...................##
..'.....................
.##..........#.#)..#..##
##.......#.#.#..##..#


You could see 2 gnolls and an adder.

Vanquished Creatures
  4 gnolls (D:2)
  2 adders (D:2)
  A worm (D:2)
  2 leopard geckos
  8 bats
  5 goblins
  3 hobgoblins (D:1)
  2 jackals (D:2)
  A ball python (D:1)
  8 frilled lizards
  5 kobolds
  5 rats
46 creatures vanquished.

Vanquished Creatures (others)
  4 toadstools (D:1)
4 creatures vanquished.

Grand Total: 50 creatures vanquished

Notes
Turn   | Place    | Note
-------+----------+-------------------------------------------
     0 | D:1      | H0rd4k the Octopode Transmuter began the quest for the Orb.
     0 | D:1      | Reached XP level 1. HP: 13/13 MP: 3/3
   149 | D:1      | Reached XP level 2. HP: 16/18 MP: 5/5
   501 | D:1      | Reached skill level 1 in Stealth
   748 | D:1      | Reached XP level 3. HP: 6/23 MP: 4/6
   752 | D:1      | Learned a level 2 spell: Sticks to Snakes
   756 | D:1      | Learned a level 3 spell: Spider Form
  1659 | D:2      | Reached XP level 4. HP: 24/28 MP: 5/7
  1772 | D:2      | Reached skill level 4 in Unarmed Combat
  2192 | D:2      | Slain by a gnoll

Illustrated notes

Levels and vault maps discovered:
D:1:      ldierk_walled_garden_2, layout_loops_cross, minmay_tromino_i4
D:2:      layout_loops_corners, lemuel_blue_sif_altar

Skill      XL: |  1  2  3  4 |
---------------+-------------+-----
Stealth        | 1 2 |  2.1
Unarmed Combat | 4 |  4.1
Fighting       | |  1.0
Dodging        | |  2.4
Spellcasting   | |  2.7
Transmutations | |  2.3

Action                   |  1- 3 |  4- 6 || total
-------------------------+-------+-------++-------
Melee: Unarmed           |    82 |    23 ||   105
       Constrict         |    27 |     5 ||    32
       Tentacles         |     9 |     6 ||    15
       Kick              |     6 |     8 ||    14
 Cast: Beastly Appendage |     5 |     4 ||     9
  Use: Potion            |       |     1 ||     1
 Stab: Sleeping          |     7 |       ||     7
  Eat: Chunk             |     2 |     1 ||     3
Armor: Skin              |     6 |       ||     6
Dodge: Dodged            |    64 |    24 ||    88
